 Dungeon Crawl Stone Soup version 0.22-a0-525-gf69a080 (webtiles) character file.

77 Ecrof the Chopper (level 4, -3/38 HPs)
             Began as a Draconian Berserker on June 21, 2018.
             Was a Believer of Trog.
             Slain by Natasha (5 damage)
             ... on level 2 of the Dungeon.
             The game lasted 00:03:32 (586 turns).

Ecrof the Chopper (Draconian Berserker)              Turns: 586, Time: 00:03:32

Health: -3/38      AC:  5    Str: 20    XL:     4   Next: 14%
Magic:  4/4        EV: 12    Int:  7    God:    Trog [**....]
Gold:   54         SH:  0    Dex: 11    Spells: 3/3 levels left

rFire    . . .     SeeInvis .   a - +0 hand axe
rCold    . . .     Gourm    .   (no shield)
rNeg     . . .     Faith    .   (armour unavailable)
rPois    .         Spirit   .   (helmet restricted)
rElec    .         Reflect  .   (no cloak)
rCorr    .         Harm     .   (no gloves)
MR       .....                  (no boots)
Stlth    +.........             c - amulet of magic regeneration
HPRegen  0.12/turn              (no ring)
MPRegen  0.34/turn              (no ring)

@: berserk cooldown, slowed, glowing, very slow
A: unfitting armour, cold-blooded, AC +5
a: Berserk, Trog's Hand, Renounce Religion


You were on level 2 of the Dungeon.
You worshipped Trog.
Trog was pleased with you.
You were not hungry.

You visited 1 branch of the dungeon, and saw 2 of its levels.

You collected 54 gold pieces.

Inventory:

Hand Weapons
 a - a +0 hand axe (weapon)
Jewellery
 c - an amulet of magic regeneration (around neck)
Comestibles
 b - 3 rations
 f - 9 chunks of flesh


   Skills:
 - Level 3.2 Fighting
 + Level 4.9 Axes
 - Level 2.6 Dodging
 + Level 0.5 Stealth


You had 3 spell levels left.
You didn't know any spells.
Your spell library was empty.

Dungeon Overview and Level Annotations

Branches:
Dungeon (2/15)

Altars:
Kikubaaqudgha

Annotations:
D:2 Natasha


Innate Abilities, Weirdness & Mutations

Your plain brown scales are hard. (AC +5)
You cannot fit into any form of body armour.
You are cold-blooded and may be slowed by cold attacks.


Message History

Things that are here:
a stone; a giant cockroach corpse You feel a strong urge to attack something.
There is an open door here.
Things that are here:
a club; a leather armour You are no longer berserk.
You are exhausted.
You feel yourself slow down.
Things that are here:
a short sword x2; 11 gold pieces The amulet hums as it attunes itself to your energized body.
c - an amulet of magic regeneration (around neck)
You miss Natasha.
Your tail-slap misses Natasha.
Natasha claws you.
* * * LOW HITPOINT WARNING * * *
You hit Natasha but do no damage. Natasha closely misses you.
Natasha claws you!
* * * LOW HITPOINT WARNING * * *
You closely miss Natasha. Natasha barely misses you. Natasha claws you.
You die...

*,,,..,,>K.,,,*,*,,
*,,,.#,#.#,*,*,,,,,
****'....,,,,,,,***
#######*.#.#,*,*,*,,* *
#.....#*...,,,,,,,,,* *
#.....##.#.#.#.*,******
#.....)(h......,,,,,,,,
#....h##.#.#.#.#.*##***
#.....@#.#,*,,#.#*#.,,,
#......#.#.#**#.# #.***
#..........# #.# #.*
###.#..###.####.# #.*
#..........##.# #.###
####..........###....
#....####.#......<..
##...# #......#####.
###.###.####.####*,


You could see Natasha.

Vanquished Creatures
  A gnoll shaman (D:2)
  An adder (D:2)
  2 dart slugs (D:1)
  A leopard gecko (D:1)
  5 bats (D:1)
  2 giant cockroaches
  2 goblins (D:1)
  6 hobgoblins
  3 jackals (D:2)
  3 kobolds
  8 rats
34 creatures vanquished.

Notes
Turn   | Place    | Note
-------+----------+-------------------------------------------
     0 | D:1      | Ecrof the Draconian Berserker began the quest for the Orb.
     0 | D:1      | Reached XP level 1. HP: 19/19 MP: 1/1
    83 | D:1      | Reached XP level 2. HP: 24/26 MP: 2/2
   175 | D:1      | Reached skill level 4 in Axes
   470 | D:2      | Reached XP level 3. HP: 30/31 MP: 3/3
   484 | D:2      | Reached ** piety under Trog
   524 | D:2      | Found an ancient bone altar of Kikubaaqudgha.
   575 | D:2      | Reached XP level 4. HP: 22/38 MP: 4/4
   576 | D:2      | Noticed Natasha
   586 | D:2      | Slain by Natasha

Vault maps used:
D:1:      tarquinn_simple_flora_water_d
D:2:      nicolae_overflow_crystal_walls, st_stairs_9, minmay_joined_circles,
          uniq_natasha

Skill      XL: |  1  2 |
---------------+-------+-----
Axes           | 4 |  4.9
Fighting       | |  3.2
Dodging        | |  2.6
Stealth        | |  0.5

Action                   |  1- 3 |  4- 6 || total
-------------------------+-------+-------++-------
Melee: Hand axe          |    82 |     5 ||    87
       Tailslap          |    12 |       ||    12
  Use: Scroll            |     5 |       ||     5
       Potion            |     1 |       ||     1
Armor: Skin              |    37 |     1 ||    38
Dodge: Dodged            |    78 |     3 ||    81

Table legend:
 A = Spawn XP
 B = Non-spawn XP
 C = Spawn XP percentage of total XP
 D = Spawn monster count
 E = Non-spawn monster count
 F = Spawn count percentage of total count
 G = Total turns spent on level
                    A         B        C        D         E        F      G
               +---------+---------+-------+---------+---------+-------+---------
         Total |       0 |     111 |   0.0 |       0 |      34 |   0.0 |   586
               +---------+---------+-------+---------+---------+-------+---------
           D:1 |       0 |      38 |   0.0 |       0 |      20 |   0.0 |   446
           D:2 |       0 |      73 |   0.0 |       0 |      14 |   0.0 |   140
               +---------+---------+-------+---------+---------+-------+---------
